 Dungeon Sprint DCSS version 0.28-a0-1213-g0243856f03 (webtiles) character file.

Game seed: 12392209894392598404

394 rocky1 the Cleaver (level 6, 0/56 HPs)
             Began as a Gnoll Cinder Acolyte on Dec 19, 2021.
             Was a High Priest of Ignis.
             Slain by a fire bat (3 damage)
             ... in the Dungeon (Sprint VII: "The Pits") on Dec 21, 2021.
             The game lasted 00:03:39 (567 turns).

rocky1 the Cleaver (Gnoll Cinder Acolyte)            Turns: 567, Time: 00:03:39

Health: 0/56       AC:  9    Str: 16    XL:     6   Next: 81%
Magic:  14/14      EV: 12    Int: 13    God:    Ignis [*****.]
Gold:   0          SH:  0    Dex:  7    Spells: 16/16 levels left

rFire   + . .      SeeInvis .   l - +0 hand axe (vorpal)
rCold   . . .      Faith    .   (no shield)
rNeg    . . .      Spirit   .   b - +0 robe
rPois   .          Reflect  .   (no helmet)
rElec   .          Harm     .   (no cloak)
rCorr   .          Rampage  .   (no gloves)
Will    .....      NoTele   +   (no boots)
Stlth   ++........              (no amulet)
HPRegen 0.18/turn               (no ring)
MPRegen 0.14/turn               (no ring)

@: fiery-armoured
A: fangs 1, strong nose, distributed training
a: Renounce Religion, Fiery Armour, Foxfire Swarm, Rising Flame


You were in the Dungeon.
You worshipped Ignis.
Ignis was extremely pleased with you.
You visited 1 branch

Inventory:

Hand Weapons
 a - a -1 hand axe of flaming
 l - a +0 vorpal hand axe (weapon)
Armour
 b - a +0 robe (worn)
Scrolls
 h - a scroll of blinking
 j - 5 scrolls of amnesia
 k - a scroll of summoning
Potions
 c - 6 potions of curing
 d - 5 potions of heal wounds
 e - a potion of haste
 f - 4 potions of magic
 g - 3 potions of berserk rage
 i - 2 potions of invisibility


   Skills:
 + Level 8.3 Fighting
 + Level 4.9 Short Blades
 + Level 4.9 Long Blades
 + Level 8.3 Axes
 + Level 4.9 Maces & Flails
 + Level 4.9 Polearms
 + Level 4.9 Staves
 + Level 4.9 Slings
 + Level 4.9 Bows
 + Level 4.9 Crossbows
 + Level 4.9 Throwing
 + Level 4.9 Armour
 + Level 4.9 Dodging
 + Level 4.9 Stealth
 + Level 4.9 Shields
 + Level 4.9 Unarmed Combat
 + Level 5.7 Spellcasting
 + Level 4.1 Conjurations
 + Level 4.1 Hexes
 + Level 4.1 Summonings
 + Level 4.1 Necromancy
 + Level 4.1 Translocations
 + Level 4.1 Transmutations
 + Level 6.9 Fire Magic
 + Level 4.1 Ice Magic
 + Level 4.1 Air Magic
 + Level 4.1 Earth Magic
 + Level 4.1 Poison Magic
 + Level 5.4 Invocations
 + Level 4.9 Evocations


You had 16 spell levels left.
You didn't know any spells.
Your spell library contained the following spells:

 Spells                   Type           Power      Damage    Failure   Level
 Scorch                   Fire           42%        2d7       1%          2


Dungeon Overview and Level Annotations

Branches:
Dungeon (1/1)

Altars:
Ashenzari
Cheibriados
Dithmenos
Elyvilon
Fedhas
Gozag
Hepliaklqana
Kikubaaqudgha
Makhleb
Nemelex Xobeh
Okawaru
Qazlal
Ru
Sif Muna
Trog
Uskayaw
Vehumet
Wu Jian
Xom
Yredelemnul
Zin
The Shining One
Beogh
Jiyva
Lugonu


Innate Abilities, Weirdness & Mutations

You have very sharp teeth.
Your uncanny sense of smell can sniff out nearby items.
Your experience applies equally to all skills.


Message History

You hit the kobold brigand.
You kill the kobold brigand!
You completely miss the fire bat. The fire bat bites you.
You are engulfed in flames.
You resist.
The fire bat completely resists.
Your Conjurations skill increases to level 4!
Your Hexes skill increases to level 4!
Your Summonings skill increases to level 4!
Your Necromancy skill increases to level 4!
Your Translocations skill increases to level 4!
Your Transmutations skill increases to level 4!
Your Ice Magic skill increases to level 4!
Your Air Magic skill increases to level 4!
Your Earth Magic skill increases to level 4!
Your Poison Magic skill increases to level 4!
Unknown command.
The fire bat bites you but does no damage.
The fire bat completely resists.
The fire bat closely misses you.
Things that are here:
a +0 club; a curare-tipped dart You hit the fire bat.
Your bite misses the fire bat.
The fire bat is moderately wounded.
The fire bat bites you but does no damage.
The fire bat completely resists.
You completely miss the fire bat.
The fire bat is moderately wounded.
The fire bat closely misses you. The fire bat bites you.
* * * LOW HITPOINT WARNING * * *
You are engulfed in flames.
You resist.
* * * LOW HITPOINT WARNING * * *
The fire bat completely resists.
The fire bat bites you.
* * * LOW HITPOINT WARNING * * *
You are engulfed in flames.
You resist.
* * * LOW HITPOINT WARNING * * *
The fire bat completely resists.
You hit the fire bat. You bite the fire bat.
The fire bat is heavily wounded.
The fire bat bites you.
* * * LOW HITPOINT WARNING * * *
You are engulfed in flames.
You resist.
You die...

#.#..####))##.....§
#.#..#..#.)##....§.
#.#..#..#[[##......
#.##)#..#'###...<..
#.#........##......
#.#........##......
#)###########......
#b......# #######
#.@.....# #...#...#
∆∆∆ #..## ..# ∆
#... .# ∆ #.... #
#.... ######


You could see a fire bat.

Vanquished Creatures
  A floating eye (D)
  3 kobold brigands (D)
  A scorpion (D)
  An adder (D)
  2 ufetubi (D)
  An orc (D)
  A bat zombie (D)
  A goblin (D)
  A quokka (D)
  3 kobolds (D)
15 creatures vanquished.

Vanquished Creatures (others)
  9 foxfires (D)
9 creatures vanquished.

Grand Total: 24 creatures vanquished

Notes
Turn   | Place    | Note
-------+----------+-------------------------------------------
     0 | D        | rocky1 the Gnoll Cinder Acolyte began the quest for the
                  | Orb.
     0 | D        | Reached XP level 1. HP: 23/23 MP: 4/4
    17 | D        | Reached skill level 1 in Short Blades
    17 | D        | Reached skill level 1 in Long Blades
    17 | D        | Reached skill level 1 in Maces & Flails
    17 | D        | Reached skill level 1 in Polearms
    17 | D        | Reached skill level 1 in Staves
    17 | D        | Reached skill level 1 in Slings
    17 | D        | Reached skill level 1 in Bows
    17 | D        | Reached skill level 1 in Crossbows
    17 | D        | Reached skill level 1 in Throwing
    17 | D        | Reached skill level 1 in Armour
    17 | D        | Reached skill level 1 in Dodging
    17 | D        | Reached skill level 1 in Stealth
    17 | D        | Reached skill level 1 in Shields
    17 | D        | Reached skill level 1 in Unarmed Combat
    17 | D        | Reached skill level 1 in Invocations
    17 | D        | Reached skill level 1 in Evocations
    17 | D        | Reached XP level 2. HP: 16/29 MP: 6/6
    28 | D        | Found a bloodstained altar of Trog.
    28 | D        | Found a shimmering blue altar of Sif Muna.
    28 | D        | Found a viscous altar of Jiyva.
    28 | D        | Found a hazy altar of Hepliaklqana.
    28 | D        | Found an opulent altar of Gozag.
    29 | D        | Found a glowing golden altar of the Shining One.
    29 | D        | Found a glowing silver altar of Zin.
    29 | D        | Found a basalt altar of Yredelemnul.
    29 | D        | Found a shimmering altar of Xom.
    29 | D        | Found an ornate altar of the Wu Jian Council.
    29 | D        | Found a sacrificial altar of Ru.
    29 | D        | Found a stormy altar of Qazlal.
    29 | D        | Found an iron altar of Okawaru.
    29 | D        | Found a sparkling altar of Nemelex Xobeh.
    29 | D        | Found a burning altar of Makhleb.
    29 | D        | Found a blossoming altar of Fedhas.
    29 | D        | Found a white marble altar of Elyvilon.
    29 | D        | Found a shadowy altar of Dithmenos.
    29 | D        | Found a snail-covered altar of Cheibriados.
    32 | D        | Found a corrupted altar of Lugonu.
    32 | D        | Found a radiant altar of Vehumet.
    33 | D        | Found an ancient bone altar of Kikubaaqudgha.
    33 | D        | Found a hide-covered altar of Uskayaw.
    33 | D        | Found a broken altar of Ashenzari.
    52 | D        | Upgraded the game from 0.28-a0-1199-gef9e1dbd39 to
                  | 0.28-a0-1213-g0243856f03
   184 | D        | Reached skill level 1 in Conjurations
   184 | D        | Reached skill level 1 in Hexes
   184 | D        | Reached skill level 1 in Summonings
   184 | D        | Reached skill level 1 in Necromancy
   184 | D        | Reached skill level 1 in Translocations
   184 | D        | Reached skill level 1 in Transmutations
   184 | D        | Reached skill level 1 in Ice Magic
   184 | D        | Reached skill level 1 in Air Magic
   184 | D        | Reached skill level 1 in Earth Magic
   184 | D        | Reached skill level 1 in Poison Magic
   256 | D        | Noticed a floating eye
   260 | D        | Paralysed by a floating eye for 2 turns
   262 | D        | Killed a floating eye
   263 | D        | Reached XP level 3. HP: 36/36 MP: 6/8
   263 | D        | Reached XP level 4. HP: 43/43 MP: 7/10
   263 | D        | Reached XP level 5. HP: 48/48 MP: 7/11
   533 | D        | Noticed a kobold brigand
   534 | D        | Noticed a kobold brigand
   540 | D        | Noticed a fire bat
   541 | D        | Killed a kobold brigand
   542 | D        | Reached skill level 5 in Spellcasting
   542 | D        | Reached XP level 6. HP: 31/56 MP: 13/13
   548 | D        | Reached skill level 5 in Invocations
   567 | D        | Slain by a fire bat

Illustrated notes

Levels and vault maps discovered:
D:        pitsprint [storerooms_1, entrance_room_1, metal_vault_4, armoury_2,
          mini_pit_1, grid_room_1, main_hall_1, silver_pit, the_coven_1,
          the_vestibule_1, steel_vault_3, golden_pit, hallway_of_sentries,
          crystal_vault_1, iron_vault_2, final_vault]

Skill      XL: |  1  2  3  4  5  6 |
---------------+-------------------+-----
Short Blades   | 1 3 4 |  4.9
Long Blades    | 1 3 4 |  4.9
Maces & Flails | 1 3 4 |  4.9
Polearms       | 1 3 4 |  4.9
Staves         | 1 3 4 |  4.9
Slings         | 1 3 4 |  4.9
Bows           | 1 3 4 |  4.9
Crossbows      | 1 3 4 |  4.9
Throwing       | 1 3 4 |  4.9
Armour         | 1 3 4 |  4.9
Dodging        | 1 3 4 |  4.9
Stealth        | 1 3 4 |  4.9
Shields        | 1 3 4 |  4.9
Unarmed Combat | 1 3 4 |  4.9
Spellcasting   | 3 4 5 |  5.7
Invocations    | 1 3 4 5 |  5.4
Evocations     | 1 3 4 |  4.9
Conjurations   | 2 3 4 |  4.1
Hexes          | 2 3 4 |  4.1
Summonings     | 2 3 4 |  4.1
Necromancy     | 2 3 4 |  4.1
Translocations | 2 3 4 |  4.1
Transmutations | 2 3 4 |  4.1
Ice Magic      | 2 3 4 |  4.1
Air Magic      | 2 3 4 |  4.1
Earth Magic    | 2 3 4 |  4.1
Poison Magic   | 2 3 4 |  4.1
Fighting       | 7 8 |  8.3
Axes           | 7 8 |  8.3
Fire Magic     | 6 |  6.9

Action                   |  1- 3 |  4- 6 || total
-------------------------+-------+-------++-------
Melee: Hand axe          |    13 |    50 ||    63
       Bite              |       |     7 ||     7
       Punch             |       |     1 ||     1
Invok: Foxfire Swarm     |     1 |       ||     1
       Fiery Armour      |       |     1 ||     1
  Use: Potion            |       |     1 ||     1
Armor: Robe              |     2 |    21 ||    23
Dodge: Dodged            |     6 |    33 ||    39

Table legend: (Time is in decaauts)
 A = Elapsed time spent in this place.
 B = Non-inter-level travel time spent in this place.
 C = Inter-level travel time spent in this place.
 D = Time resting spent in this place.
 E = Time spent auto-exploring this place.
 F = Levels seen in this place.
 G = Mean time per level.
                   A        B        C        D        E       F      G
               +--------+--------+--------+--------+--------+-----+--------+
         Total |    561 |    561 |      0 |    358 |      0 |   1 |  561.0 |
       Dungeon |    561 |    561 |      0 |    358 |      0 |   1 |  561.0 |
               +--------+--------+--------+--------+--------+-----+--------+

Top non-repeatable levels by time:
       D: 561 daAuts
